 Dungeon Crawl Stone Soup version 0.23.1 (webtiles) character file.

Game seed: 2882120172893175357

157 Fang the Skirmisher (level 5, 0/33 HPs)
             Began as a Gargoyle Berserker on Mar 11, 2019.
             Was a Priest of Trog.
             Killed from afar by an orc wizard (8 damage)
             ... with a puff of flame
             ... on level 4 of the Dungeon.
             The game lasted 00:01:54 (2324 turns).

Fang the Skirmisher (Gargoyle Berserker)            Turns: 2324, Time: 00:01:55

Health: 0/33       AC:  9    Str: 27    XL:     5   Next: 38%
Magic:  5/5        EV: 12    Int:  7    God:    Trog [***...]
Gold:   141        SH:  0    Dex:  9    Spells: 4/4 levels left

rFire    . . .     SeeInvis .   u - +0 war axe
rCold    . . .     Gourm    .   (no shield)
rNeg     + . .     Faith    .   b - +0 animal skin
rPois    ∞         Spirit   .   (no helmet)
rElec    +         Reflect  .   m - +2 cloak
rCorr    .         Harm     .   (no gloves)
MR       .....                  (no boots)
Stlth    +.........             (no amulet)
HPRegen  0.11/turn              n - +5 ring of strength
MPRegen  0.09/turn              (no ring)

@: no status effects
A: negative energy resistance 1, electricity resistance, unbreathing,
petrification resistance, rot immunity, AC +4
a: Berserk, Trog's Hand, Renounce Religion


You were on level 4 of the Dungeon.
You worshipped Trog.
Trog was most pleased with you.
You were hungry.

You visited 1 branch of the dungeon, and saw 4 of its levels.

You collected 141 gold pieces.

Inventory:

Hand Weapons
 u - a +0 war axe (weapon)
Armour
 b - a +0 animal skin (worn)
 m - a +2 cloak (worn)
Jewellery
 n - a +5 ring of strength (left hand)
Wands
 p - a wand of polymorph (11)
Scrolls
 e - 2 scrolls of identify {unknown}
 h - 2 scrolls of remove curse {unknown}
 j - 3 scrolls of magic mapping {unknown}
 l - a scroll of teleportation {unknown}
 r - a scroll of fear {unknown}
 s - 2 scrolls of random uselessness {unknown}
Potions
 d - a potion of resistance {unknown}
 f - a potion of haste {unknown}
 g - 3 potions of heal wounds {unknown}
 i - a potion of flight {unknown}
 k - a potion of brilliance {unknown}
 o - a potion of curing {unknown}
 q - a potion of berserk rage {unknown}
Comestibles
 c - 5 rations


   Skills:
 + Level 4.3 Fighting
 + Level 3.5 Axes
 + Level 3.4 Armour
 + Level 2.5 Dodging


You had 4 spell levels left.
You didn't know any spells.
Your spell library was empty.

Dungeon Overview and Level Annotations

Branches:
Dungeon (4/15)
 Temple: D:4-7

Altars:
The Shining One


Innate Abilities, Weirdness & Mutations

You are resistant to torment.
Your stone body is resilient. (AC +4)
You are immune to poison.
You resist negative energy. (rN+)
You are resistant to electric shocks. (rElec)
You can survive without breathing.
You are immune to petrification.
You are immune to rotting.


Message History

You resist with some effort.
The orc wizard casts a spell.
The orc wizard flickers and vanishes!
Deactivating autopickup; reactivate with Ctrl-A.
You hear some strange, mumbled words.
You are confused.
You're too confused to move!
Something hits you but does no damage.
You hear some strange, mumbled words.
A puff of flame appears from out of thin air!
The puff of flame misses you.
You feel less confused. Something barely misses you.
You hear some strange, mumbled words.
A puff of flame appears from out of thin air!
The puff of flame hits you.
* * * LOW HITPOINT WARNING * * *
A puff of flame appears from out of thin air!
The puff of flame hits you!
You die...

..........# ..
#...#.....## ##..
#...###....# #....
.#..###...###.....
#....##...........
...#..............
#...............
####......#####.
#....@...)#
...#......).#
#....##.....#
.#..# #.....# ...#
##....### ...
#......### .#
#..........####
...............###
...............<.#


There were no monsters in sight!

Vanquished Creatures
  Jessica (D:2)
  An orc wizard (D:4)
  An adder (D:3)
  An ooze (D:1)
  2 worms
  4 dart slugs
  2 leopard geckos (D:3)
  8 orcs
  A giant cockroach (D:2)
  6 goblins
  8 hobgoblins
  6 jackals
  A quokka (D:3)
  3 ball pythons
  8 bats
  5 frilled lizards
  6 kobolds
  9 rats
73 creatures vanquished.

Notes
Turn   | Place    | Note
-------+----------+-------------------------------------------
     0 | D:1      | Fang the Gargoyle Berserker began the quest for the Orb.
     0 | D:1      | Reached XP level 1. HP: 14/14 MP: 1/1
   150 | D:1      | Reached XP level 2. HP: 17/19 MP: 2/2
   250 | D:1      | Reached ** piety under Trog
   255 | D:1      | Reached XP level 3. HP: 5/23 MP: 3/3
  1204 | D:2      | Noticed Jessica
  1206 | D:2      | Killed Jessica
  1206 | D:2      | Reached XP level 4. HP: 29/29 MP: 4/4
  1213 | D:2      | Reached skill level 4 in Fighting
  1541 | D:2      | Found a glowing golden altar of the Shining One.
  1988 | D:3      | Reached XP level 5. HP: 29/33 MP: 5/5
  2151 | D:3      | Reached *** piety under Trog
  2324 | D:4      | Killed from afar by an orc wizard

Skill      XL: |  1  2  3  4 |
---------------+-------------+-----
Dodging        | 2 |  2.5
Axes           | 3 |  3.5
Armour         | 3 |  3.4
Fighting       | 4 |  4.3

Action                   |  1- 3 |  4- 6 || total
-------------------------+-------+-------++-------
Melee: Hand axe          |   111 |    62 ||   173
       War axe           |       |    46 ||    46
  Eat: Chunk             |     1 |     3 ||     4
Armor: Animal skin       |    58 |    49 ||   107
Dodge: Dodged            |   108 |    87 ||   195
